 Dungeon Crawl Stone Soup version 0.29.0-4-gdea44cf6ec (webtiles) character file.

Game seed: 11001993628331223835

27663 qw the Brawler (level 13, -9/124 HPs)
             Began as a Troll Cinder Acolyte on Aug 30, 2022.
             Was an Initiate of Ignis.
             Mangled by a minotaur
             ... wielding the +2 long sword of the Sky {venom, *Slow Int+2 Stlth+}
              (31 damage)
             ... in a Gauntlet.
             The game lasted 00:06:21 (12496 turns).

qw the Brawler (Troll Cinder Acolyte)              Turns: 12496, Time: 00:06:22

Health: -9/124     AC:  9    Str: 32    XL:     13   Next: 5%
Magic:  13/13      EV: 12    Int: 16    God:    Ignis [......]
Gold:   1044       SH:  0    Dex: 16    Spells: 14/14 levels left

rFire   + + .      SeeInvis .     - Unarmed
rCold   x x .      Faith    +   (no shield)
rNeg    . . .      Spirit   .   l - +1 steam dragon scales
rPois   +          Reflect  .   (helmet restricted)
rElec   .          Harm     .   e - +0 cloak
rCorr   +          Rampage  .   (gloves unavailable)
Will    ++...      NoTele   +   (boots unavailable)
Stlth   ..........              t - amulet "Xoxorirpheg" {Faith Regen+ Dex+5 Stlth-}
HPRegen 1.90/turn               q - ring of Neurosis {rPois rC- Will+ Str+3 Int+6}
MPRegen 0.13/turn               o - ring of the Immovable Ghosts {Fire Will+ rCorr Dex+6}

@: no status effects
A: large, unfitting armour, claws 3, regeneration 1, shaggy fur 1, tough skin 1
a: Renounce Religion, Rising Flame


You were in a Gauntlet.
You worshipped Ignis.
Ignis was noncommittal.
You visited 2 branches of the dungeon, and saw 13 of its levels.
You also visited: Gauntlet.

You collected 1492 gold pieces.
You spent 448 gold pieces at shops.


Innate Abilities, Weirdness & Mutations

You are too large for most types of armour.
You have claws for hands.
Your natural rate of healing is unusually fast.
You are covered in fur. (AC +1)
You have tough skin. (AC +1)


   Skills:
 + Level 7.2 Fighting
 - Level 7.0 Throwing
 - Level 2.2 Armour
 - Level 5.0 Dodging
 - Level 18.0 Unarmed Combat
 - Level 1.0 Spellcasting
 - Level 2.1 Fire Magic


You had 14 spell levels left.
You didn't know any spells.
Your spell library contained the following spells:

 Spells                   Type           Power      Damage    Failure   Level
 Scorch                   Fire           22%        2d6       14%         2

Inventory:

Missiles
 n - 7 boomerangs (quivered)
Armour
 e - a +0 cloak (worn)
 l - +1 steam dragon scales (worn)
Jewellery
 o - the ring of the Immovable Ghosts (right claw) {Fire Will+ rCorr Dex+6}
   (You found it on level 2 of the Lair of Beasts)

   [ring of fire]

   It enhances your fire magic.
   Dex:       It affects your dexterity (+6).
   rF:        It protects you from fire.
   rC:        It makes you vulnerable to cold.
   rCorr:     It protects you from acid and corrosion.
   Will:      It increases your willpower.
 p - a +6 ring of strength
 q - the ring of Neurosis (left claw) {rPois rC- Will+ Str+3 Int+6}
   (You found it in a Gauntlet)

   [ring of intelligence]

   Str:       It affects your strength (+3).
   Int:       It affects your intelligence (+6).
   rC:        It makes you vulnerable to cold.
   rPois:     It protects you from poison.
   Will:      It increases your willpower.
 t - the amulet "Xoxorirpheg" (around neck) {Faith Regen+ Dex+5 Stlth-}
   (You found it on level 6 of the Dungeon)

   [amulet of faith]

   It allows you to gain divine favour quickly.
   Dex:       It affects your dexterity (+5).
   Regen:     It increases your rate of health regeneration.
   Stlth:     It makes you less stealthy.
 Y - a ring of see invisible
Wands
 b - a wand of digging (16)
Scrolls
 j - 2 scrolls of teleportation
 r - a scroll of identify
Potions
 a - a potion of cancellation {unknown}
 c - a potion of resistance
 d - a potion of mutation
 f - 2 potions of curing
 g - 3 potions of haste
 h - a potion of heal wounds
 i - a potion of lignification {unknown}
 k - 2 potions of might

Dungeon Overview and Level Annotations

Branches:
Dungeon (9/15)             Temple (0/1) D:7            Lair (4/5) D:9
  Swamp (0/4) Lair:3        Snake (0/4) Lair:3      Gauntlet (1/1)
  Slime: Lair:4-5       Orc: D:9-12

Altars:
Elyvilon
Gozag
Kikubaaqudgha
Nemelex Xobeh
Ru
Sif Muna
Trog
Vehumet
Wu Jian
Xom

Shops:
D:9 !

Annotations:
D:3 1 runed translucent door, Crazy Yiuf
D:6 1 runed translucent door, qw's ghost, novice TeWr Gauntlet 8 transporters, 18 runed translucent doors


Message History

Your fiery armour burns out.
A minotaur comes into view.
It is wielding the +2 long sword of the Sky {venom, *Slow Int+2 Stlth+} and wearing a +1 tower shield of cold resistance.
12484 ||| Stepping ~*~*~tactically~*~*~ (stealth).
12485 ||| Stepping ~*~*~tactically~*~*~ (stealth).
The minotaur bellows!
The minotaur throws a javelin.
The javelin misses you. The minotaur blocks your attack. x2
The minotaur hits you with the +2 long sword of the Sky {venom, *Slow Int+2 Stlth+}!
The minotaur closely misses you.
You scratch the minotaur but do no damage.
The minotaur closely misses you.
The minotaur gores you but does no damage.
You scratch the minotaur but do no damage.
Your claw misses the minotaur.
You scratch the minotaur but do no damage.
The minotaur blocks your attack.
The minotaur hits you with the +2 long sword of the Sky {venom, *Slow Int+2 Stlth+}!!!
You are poisoned.
The minotaur gores you but does no damage.
You mangle the minotaur!!
The minotaur is moderately wounded.
You feel extremely sick. The minotaur barely misses you.
The minotaur gores you!
You scratch the minotaur. The minotaur blocks your attack.
The minotaur is heavily wounded.
You feel extremely sick. The minotaur barely misses you. x2
You scratch the minotaur but do no damage.
The minotaur is moderately wounded.
You feel very sick. The minotaur blocks your attack.
The minotaur is moderately wounded.
You feel very sick.
The minotaur hits you with the +2 long sword of the Sky {venom, *Slow Int+2 Stlth+}!!!
You are lethally poisoned!
The minotaur gores you!
12496 ||| DRINKING 3 potions of curing.
You feel better.
12496 ||| (to cure bad poison)
The minotaur hits you with the +2 long sword of the Sky {venom, *Slow Int+2 Stlth+}!!
You die...

#~..#(.. ##..#^.#
#~..#[.# ##..#.##
#############~..#ssB
####........#.###..####
#..#.##.###.#..##......
#.####.H..#.#...#..####
#.#...@##.#.#...#..#...
#.#.#### .#.#.^.#8.#|.#
#.# #.#...#..#..# #.#
#...^.#\.#ยค.# #.#
#.#...#..#(.# #.#
#.#.^.#8.#..# #.#
#.#...#..#... #.####
#.#...#..####
#....######.#..##......


You could see a minotaur.

Vanquished Creatures
  A dire elephant (Gauntlet)
  A blizzard demon (Gauntlet)
  Josephine (Lair:4)
  A boulder beetle (Lair:3)
  3 hydras (Lair:3)
  A catoblepas (Lair:3)
  A two-headed ogre (D:9)
  4 oklob plants (Lair:3)
  8 elephants
  Maurice (D:8)
  A torpor snail (Gauntlet)
  A gargoyle (D:7)
  4 black mambas
  3 cane toads
  3 komodo dragons (Lair:1)
  An ice devil (Gauntlet)
  3 rime drakes
  A polar bear (Lair:3)
  Grinder (D:3)
  A shadow (D:7)
  Sigmund (D:3)
  A wyvern (Lair:4)
  29 yaks
  6 wraiths
  3 basilisks
  4 steam dragons
  Menkaure (D:7)
  12 water moccasins
  2 orc warriors (D:9)
  2 sky beasts
  3 ice beasts
  3 black bears
  3 ogres
  8 wolves
  3 centaurs
  A phantom (D:4)
  A necrophage (D:4)
  15 bullfrogs
  5 scorpions
  10 wights
  A howler monkey (D:9)
  An electric eel (Lair:3)
  2 hounds (D:5)
  A gnoll bouda (D:7)
  4 jellies
  4 orc priests
  3 iguanas
  Ijyb (D:3)
  Natasha (D:3)
  4 orc wizards
  6 adders
  9 gnolls
  2 shadow imps
  A white imp (D:8)
  An ufetubus (D:6)
  2 worms
  4 dart slugs
  25 orcs
  6 bats
  5 endoplasms
  A giant cockroach (D:2)
  10 hobgoblins
  2 jackals (D:3)
  6 quokkas
  9 ball pythons
  2 frilled lizards
  7 goblins
  6 kobolds
  10 rats
290 creatures vanquished.

Vanquished Creatures (others)
  17 fungi
  23 plants
40 creatures vanquished.

Grand Total: 330 creatures vanquished

Notes
Turn   | Place    | Note
-------+----------+-------------------------------------------
     0 | D:1      | qw the Troll Cinder Acolyte began the quest for the Orb.
     0 | D:1      | Reached XP level 1. HP: 22/22 MP: 1/1
     0 | D:1      | 0 ||| qw: Version: 0.1-a-95-gae9e614
     0 | D:1      | 0 ||| qw: Game counter: 4385
     0 | D:1      | 0 ||| qw: Always use a shield: true
     0 | D:1      | 0 ||| qw: God list: Okawaru
     0 | D:1      | 0 ||| qw: Allow faded altars: false
     0 | D:1      | 0 ||| qw: Do Orc after D:15 true
     0 | D:1      | 0 ||| qw: Do second Lair branch before Depths: true
     0 | D:1      | 0 ||| qw: Lair rune preference: random
     0 | D:1      | 0 ||| qw: Plans: Normal
     0 | D:1      | 0 ||| PLANNING D:1-11
    80 | D:1      | Reached XP level 2. HP: 29/29 MP: 2/2
   166 | D:1      | Reached skill level 4 in Unarmed Combat
   267 | D:1      | 267 ||| Stepping ~*~*~tactically~*~*~ (stealth).
   529 | D:1      | Reached XP level 3. HP: 36/36 MP: 3/3
   935 | D:1      | 935 ||| READING scroll labelled ICEURR GUCAEDEG.
  1425 | D:2      | Reached XP level 4. HP: 44/44 MP: 4/4
  1758 | D:2      | Reached skill level 5 in Unarmed Combat
  1907 | D:2      | 1907 ||| READING scroll labelled MIOTOB METEA.
  1908 | D:2      | 1908 ||| READING scroll labelled UZOWNIT BUASI.
  1909 | D:2      | 1909 ||| STAIRDANCE
  1912 | D:1      | 1912 ||| DRINKING 4 fizzy orange potions.
  2037 | D:3      | Noticed Natasha
  2040 | D:3      | 2040 ||| INVOKING Fiery Armour.
  2041 | D:3      | Noticed Grinder
  2046 | D:3      | 2046 ||| Stepping ~*~*~tactically~*~*~ (outnumbered).
  2047 | D:3      | 2047 ||| Stepping ~*~*~tactically~*~*~ (outnumbered).
  2047 | D:3      | Killed Natasha
  2048 | D:3      | Noticed Ijyb
  2050 | D:3      | 2050 ||| Stepping ~*~*~tactically~*~*~ (outnumbered).
  2058 | D:3      | Killed Grinder
  2059 | D:3      | Reached skill level 7 in Unarmed Combat
  2059 | D:3      | Reached XP level 5. HP: 46/50 MP: 5/5
  2059 | D:3      | Reached XP level 6. HP: 55/59 MP: 6/6
  2064 | D:3      | Killed Ijyb
  2082 | D:3      | Identified the +1 leather armour of the King of Cups {rElec
                  | rC+++ rN+ Stlth-}
  2095 | D:3      | Found an ancient bone altar of Kikubaaqudgha.
  2102 | D:3      | Noticed Sigmund
  2106 | D:3      | 2106 ||| DRINKING 3 potions of curing.
  2106 | D:3      | 2106 ||| (to cure confusion)
  2111 | D:3      | Killed Sigmund
  2112 | D:3      | Reached skill level 8 in Unarmed Combat
  2177 | D:3      | Reached XP level 7. HP: 63/66 MP: 7/7
  2347 | D:3      | Found a runed translucent door.
  2348 | D:3      | Noticed Crazy Yiuf
  2610 | D:3      | 2610 ||| UPGRADING to ring of see invisible.
  2611 | D:3      | 2611 ||| READING scroll labelled UBOUTHRASHRA.
  2643 | D:3      | 2643 ||| READING scroll labelled QEIRPH GURHENE.
  2644 | D:3      | 2644 ||| DRINKING 3 silvery potions.
  2683 | D:4      | Found an opulent altar of Gozag.
  2698 | D:4      | Reached skill level 3 in Fighting
  2785 | D:4      | 2785 ||| Stepping ~*~*~tactically~*~*~ (stealth).
  3191 | D:4      | 3191 ||| UPGRADING to amulet of regeneration.
  3196 | D:4      | 3196 ||| READING scroll labelled SUUNE GUNIGH.
  3224 | D:5      | Entered Level 5 of the Dungeon
  3439 | D:5      | Reached skill level 9 in Unarmed Combat
  3617 | D:5      | Reached skill level 1 in Throwing
  3720 | D:5      | Reached skill level 1 in Dodging
  3786 | D:5      | Reached XP level 8. HP: 72/75 MP: 8/8
  4090 | D:5      | Found an ornate altar of the Wu Jian Council.
  4244 | D:5      | Reached skill level 10 in Unarmed Combat
  4366 | D:5      | 4366 ||| READING scroll labelled INIAM YKKUY.
  4367 | D:5      | 4367 ||| READING scroll labelled CIDDUH MURON.
  4368 | D:5      | 4368 ||| DRINKING 2 murky grey potions.
  4609 | D:5      | 4609 ||| READING scroll of teleportation.
  4610 | D:5      | 4610 ||| STAIRDANCE
  4672 | D:6      | 4672 ||| Stepping ~*~*~tactically~*~*~ (outnumbered).
  4673 | D:6      | 4673 ||| Stepping ~*~*~tactically~*~*~ (outnumbered).
  4677 | D:6      | 4677 ||| FLEEEEING.
  4679 | D:6      | 4679 ||| Stepping ~*~*~tactically~*~*~ (outnumbered).
  4680 | D:6      | 4680 ||| STAIRDANCE
  4682 | D:5      | 4682 ||| Stepping ~*~*~tactically~*~*~ (outnumbered).
  4707 | D:6      | 4707 ||| Stepping ~*~*~tactically~*~*~ (outnumbered).
  4708 | D:6      | 4708 ||| Stepping ~*~*~tactically~*~*~ (outnumbered).
  4716 | D:6      | 4716 ||| FLEEEEING.
  4717 | D:6      | 4717 ||| FLEEEEING.
  4718 | D:6      | 4718 ||| STAIRDANCE
  4727 | D:6      | 4727 ||| STAIRDANCE
  4811 | D:6      | Reached skill level 11 in Unarmed Combat
  4858 | D:6      | 4858 ||| INVOKING Fiery Armour.
  4864 | D:6      | 4864 ||| DRINKING 3 potions of curing.
  4864 | D:6      | 4864 ||| (to cure confusion)
  4866 | D:6      | Reached XP level 9. HP: 74/84 MP: 9/9
  4870 | D:6      | 4870 ||| Stepping ~*~*~tactically~*~*~ (outnumbered).
  4871 | D:6      | 4871 ||| Stepping ~*~*~tactically~*~*~ (outnumbered).
  4878 | D:6      | 4878 ||| FLEEEEING.
  4879 | D:6      | 4879 ||| FLEEEEING.
  4880 | D:6      | 4880 ||| FLEEEEING.
  4881 | D:6      | 4881 ||| FLEEEEING.
  4882 | D:6      | 4882 ||| FLEEEEING.
  5044 | D:6      | Found a runed translucent door.
  5102 | D:6      | Identified the amulet "Xoxorirpheg" {Faith Regen+ Dex+5
                  | Stlth-}
  5183 | D:6      | 5183 ||| Stepping ~*~*~tactically~*~*~ (hiding).
  5184 | D:6      | 5184 ||| FLEEEEING.
  5184 | D:6      | Found a radiant altar of Vehumet.
  5185 | D:6      | 5185 ||| FLEEEEING.
  5186 | D:6      | 5186 ||| FLEEEEING.
  5187 | D:6      | 5187 ||| FLEEEEING.
  5188 | D:6      | 5188 ||| FLEEEEING.
  5189 | D:6      | 5189 ||| FLEEEEING.
  5190 | D:6      | 5190 ||| FLEEEEING.
  5192 | D:6      | 5192 ||| FLEEEEING.
  5193 | D:6      | 5193 ||| FLEEEEING.
  5197 | D:6      | 5197 ||| FLEEEEING.
  5198 | D:6      | 5198 ||| FLEEEEING.
  5199 | D:6      | 5199 ||| FLEEEEING.
  5200 | D:6      | 5200 ||| FLEEEEING.
  5201 | D:6      | 5201 ||| FLEEEEING.
  5202 | D:6      | 5202 ||| FLEEEEING.
  5205 | D:6      | 5205 ||| FLEEEEING.
  5206 | D:6      | 5206 ||| FLEEEEING.
  5207 | D:6      | 5207 ||| FLEEEEING.
  5208 | D:6      | 5208 ||| FLEEEEING.
  5209 | D:6      | 5209 ||| FLEEEEING.
  5215 | D:6      | 5215 ||| FLEEEEING.
  5216 | D:6      | 5216 ||| FLEEEEING.
  5217 | D:6      | 5217 ||| FLEEEEING.
  5218 | D:6      | 5218 ||| FLEEEEING.
  5219 | D:6      | 5219 ||| FLEEEEING.
  5220 | D:6      | 5220 ||| FLEEEEING.
  5223 | D:6      | 5223 ||| Stepping ~*~*~tactically~*~*~ (hiding).
  5224 | D:6      | 5224 ||| Stepping ~*~*~tactically~*~*~ (hiding).
  5407 | D:6      | Found a shimmering blue altar of Sif Muna.
  5411 | D:6      | Found a shimmering altar of Xom.
  5465 | D:6      | Noticed qw's ghost (novice TeWr)
  5468 | D:6      | 5468 ||| UPGRADING to +0 steam dragon scales.
  5478 | D:6      | 5478 ||| DROPPING +0 robe.
  5479 | D:6      | 5479 ||| UPGRADING to amulet "Xoxorirpheg" {Faith Regen+
                  | Dex+5 Stlth-}.
  5489 | D:6      | 5489 ||| DROPPING amulet of regeneration.
  5490 | D:6      | 5490 ||| READING scroll labelled GOMIXUGGO.
  5491 | D:6      | 5491 ||| DRINKING 2 glowing clear potions.
  5492 | D:6      | 5492 ||| READING 4 scrolls of identify.
  5492 | D:6      | 5492 ||| IDENTIFYING green potion
  5493 | D:6      | 5493 ||| READING 3 scrolls of identify.
  5493 | D:6      | 5493 ||| IDENTIFYING bubbling inky potion
  5494 | D:6      | 5494 ||| READING 2 scrolls of identify.
  5494 | D:6      | 5494 ||| IDENTIFYING yellow potion
  5495 | D:6      | 5495 ||| DROPPING potion of magic.
  5496 | D:6      | 5496 ||| DROPPING potion of invisibility.
  5497 | D:6      | 5497 ||| DROPPING potion of brilliance.
  5601 | D:7      | Reached skill level 1 in Armour
  5699 | D:7      | Reached skill level 12 in Unarmed Combat
  5845 | D:7      | Noticed a gargoyle
  5849 | D:7      | Killed a gargoyle
  5948 | D:7      | Noticed Menkaure
  5952 | D:7      | Killed Menkaure
  5964 | D:7      | 5964 ||| Stepping ~*~*~tactically~*~*~ (stealth).
  5965 | D:7      | 5965 ||| Stepping ~*~*~tactically~*~*~ (stealth).
  6047 | D:7      | 6047 ||| Stepping ~*~*~tactically~*~*~ (stealth).
  6048 | D:7      | 6048 ||| Stepping ~*~*~tactically~*~*~ (hiding).
  6051 | D:7      | 6051 ||| Stepping ~*~*~tactically~*~*~ (hiding).
  6052 | D:7      | 6052 ||| Stepping ~*~*~tactically~*~*~ (hiding).
  6175 | D:7      | Found a sacrificial altar of Ru.
  6188 | D:7      | Reached XP level 10. HP: 98/98 MP: 10/10
  6199 | D:7      | 6199 ||| Stepping ~*~*~tactically~*~*~ (outnumbered).
  6200 | D:7      | 6200 ||| Stepping ~*~*~tactically~*~*~ (outnumbered).
  6201 | D:7      | 6201 ||| Stepping ~*~*~tactically~*~*~ (outnumbered).
  6202 | D:7      | 6202 ||| Stepping ~*~*~tactically~*~*~ (outnumbered).
  6204 | D:7      | 6204 ||| Stepping ~*~*~tactically~*~*~ (outnumbered).
  6205 | D:7      | 6205 ||| Stepping ~*~*~tactically~*~*~ (outnumbered).
  6206 | D:7      | 6206 ||| Stepping ~*~*~tactically~*~*~ (outnumbered).
  6207 | D:7      | 6207 ||| Stepping ~*~*~tactically~*~*~ (outnumbered).
  6208 | D:7      | 6208 ||| Stepping ~*~*~tactically~*~*~ (outnumbered).
  6209 | D:7      | 6209 ||| Stepping ~*~*~tactically~*~*~ (outnumbered).
  6210 | D:7      | 6210 ||| STAIRDANCE
  6212 | D:6      | 6212 ||| Stepping ~*~*~tactically~*~*~ (outnumbered).
  6213 | D:6      | 6213 ||| Stepping ~*~*~tactically~*~*~ (outnumbered).
  6214 | D:6      | 6214 ||| Stepping ~*~*~tactically~*~*~ (outnumbered).
  6215 | D:6      | 6215 ||| Stepping ~*~*~tactically~*~*~ (outnumbered).
  6216 | D:6      | 6216 ||| Stepping ~*~*~tactically~*~*~ (outnumbered).
  6217 | D:6      | 6217 ||| Stepping ~*~*~tactically~*~*~ (outnumbered).
  6219 | D:6      | 6219 ||| FLEEEEING.
  6287 | D:6      | 6287 ||| DROPPING scarf of invisibility.
  6288 | D:6      | 6288 ||| DROPPING orb of guile.
  6289 | D:6      | 6289 ||| READING scroll labelled ADETTUPIRE.
  6416 | D:7      | Found a staircase to the Ecumenical Temple.
  6550 | D:7      | 6550 ||| Stepping ~*~*~tactically~*~*~ (hiding).
  6551 | D:7      | 6551 ||| Stepping ~*~*~tactically~*~*~ (hiding).
  6774 | D:7      | 6774 ||| DROPPING +6 ring of intelligence.
  6775 | D:7      | 6775 ||| READING scroll labelled SOTZUZ HIWUAWA.
  6811 | D:8      | Found a white marble altar of Elyvilon.
  6832 | D:8      | 6832 ||| Stepping ~*~*~tactically~*~*~ (hiding).
  6947 | D:8      | 6947 ||| Stepping ~*~*~tactically~*~*~ (hiding).
  7086 | D:8      | Reached skill level 13 in Unarmed Combat
  7099 | D:8      | Noticed Maurice
  7100 | D:8      | 7100 ||| FLEEEEING.
  7109 | D:8      | Killed Maurice
  7123 | D:8      | 7123 ||| Stepping ~*~*~tactically~*~*~ (hiding).
  7149 | D:8      | 7149 ||| Stepping ~*~*~tactically~*~*~ (stealth).
  7154 | D:8      | 7154 ||| INVOKING Fiery Armour.
  7155 | D:8      | 7155 ||| Stepping ~*~*~tactically~*~*~ (outnumbered).
  7156 | D:8      | 7156 ||| Stepping ~*~*~tactically~*~*~ (outnumbered).
  7157 | D:8      | 7157 ||| Stepping ~*~*~tactically~*~*~ (outnumbered).
  7158 | D:8      | 7158 ||| Stepping ~*~*~tactically~*~*~ (outnumbered).
  7159 | D:8      | 7159 ||| Stepping ~*~*~tactically~*~*~ (outnumbered).
  7160 | D:8      | 7160 ||| Stepping ~*~*~tactically~*~*~ (hiding).
  7169 | D:8      | 7169 ||| Stepping ~*~*~tactically~*~*~ (outnumbered).
  7352 | D:8      | 7352 ||| Stepping ~*~*~tactically~*~*~ (hiding).
  7353 | D:8      | 7353 ||| Stepping ~*~*~tactically~*~*~ (hiding).
  7355 | D:8      | 7355 ||| Stepping ~*~*~tactically~*~*~ (hiding).
  7731 | D:8      | 7731 ||| UPGRADING to +0 cloak.
  7736 | D:8      | 7736 ||| READING scroll labelled ISKOIMN MADYN.
  7737 | D:8      | 7737 ||| DRINKING 2 white potions.
  7738 | D:8      | 7738 ||| DROPPING potion of flight.
  7775 | D:9      | 7775 ||| Stepping ~*~*~tactically~*~*~ (outnumbered).
  7777 | D:9      | 7777 ||| Stepping ~*~*~tactically~*~*~ (outnumbered).
  7778 | D:9      | 7778 ||| Stepping ~*~*~tactically~*~*~ (outnumbered).
  7779 | D:9      | 7779 ||| STAIRDANCE
  7787 | D:9      | 7787 ||| Stepping ~*~*~tactically~*~*~ (outnumbered).
  7788 | D:9      | 7788 ||| Stepping ~*~*~tactically~*~*~ (outnumbered).
  7828 | D:9      | Found Lucik's Distillery.
  7834 | D:9      | 7834 ||| BUYING potion of haste (160 gold).
  7834 | D:9      | Bought a potion of haste for 160 gold pieces
  7834 | D:9      | 7834 ||| BUYING potion of heal wounds (80 gold).
  7834 | D:9      | Bought a potion of heal wounds for 80 gold pieces
  7834 | D:9      | 7834 ||| BUYING potion of heal wounds (80 gold).
  7834 | D:9      | Bought a potion of heal wounds for 80 gold pieces
  7834 | D:9      | 7834 ||| BUYING potion of mutation (128 gold).
  7834 | D:9      | Bought a potion of mutation for 128 gold pieces
  7872 | D:9      | 7872 ||| Stepping ~*~*~tactically~*~*~ (outnumbered).
  7873 | D:9      | 7873 ||| Stepping ~*~*~tactically~*~*~ (outnumbered).
  7875 | D:9      | Reached skill level 14 in Unarmed Combat
  7876 | D:9      | 7876 ||| Stepping ~*~*~tactically~*~*~ (outnumbered).
  7877 | D:9      | 7877 ||| Stepping ~*~*~tactically~*~*~ (outnumbered).
  7880 | D:9      | 7880 ||| Stepping ~*~*~tactically~*~*~ (outnumbered).
  7881 | D:9      | 7881 ||| Stepping ~*~*~tactically~*~*~ (outnumbered).
  7883 | D:9      | 7883 ||| Stepping ~*~*~tactically~*~*~ (outnumbered).
  7886 | D:9      | 7886 ||| FLEEEEING.
  7887 | D:9      | 7887 ||| FLEEEEING.
  7888 | D:9      | 7888 ||| FLEEEEING.
  7889 | D:9      | 7889 ||| FLEEEEING.
  7890 | D:9      | 7890 ||| FLEEEEING.
  7891 | D:9      | 7891 ||| FLEEEEING.
  7894 | D:9      | Reached skill level 6 in Fighting
  7904 | D:9      | Reached skill level 3 in Dodging
  7913 | D:9      | 7913 ||| Stepping ~*~*~tactically~*~*~ (stealth).
  7923 | D:9      | 7923 ||| Stepping ~*~*~tactically~*~*~ (hiding).
  8147 | D:9      | Noticed a two-headed ogre
  8151 | D:9      | Killed a two-headed ogre
  8152 | D:9      | Reached skill level 3 in Throwing
  8200 | D:9      | Found a bloodstained altar of Trog.
  8309 | D:9      | Found a sparkling altar of Nemelex Xobeh.
  8347 | D:9      | Found a staircase to the Lair.
  8353 | D:9      | Noticed a two-headed ogre
  8353 | D:9      | 8353 ||| INVOKING Fiery Armour.
  8490 | D:9      | 8490 ||| PLANNING LAIR
  8534 | Lair:1   | Entered Level 1 of the Lair of Beasts
  8534 | Lair:1   | Noticed an elephant
  8534 | Lair:1   | Noticed an elephant
  8534 | Lair:1   | Noticed an elephant
  8534 | Lair:1   | Noticed an elephant
  8534 | Lair:1   | Noticed an elephant
  8534 | Lair:1   | Noticed an elephant
  8535 | Lair:1   | 8535 ||| INVOKING Fiery Armour.
  8539 | Lair:1   | 8539 ||| Stepping ~*~*~tactically~*~*~ (outnumbered).
  8540 | Lair:1   | 8540 ||| Stepping ~*~*~tactically~*~*~ (outnumbered).
  8541 | Lair:1   | 8541 ||| Stepping ~*~*~tactically~*~*~ (outnumbered).
  8543 | Lair:1   | 8543 ||| Stepping ~*~*~tactically~*~*~ (outnumbered).
  8544 | Lair:1   | 8544 ||| Stepping ~*~*~tactically~*~*~ (outnumbered).
  8545 | Lair:1   | 8545 ||| Stepping ~*~*~tactically~*~*~ (outnumbered).
  8546 | Lair:1   | 8546 ||| Stepping ~*~*~tactically~*~*~ (outnumbered).
  8547 | Lair:1   | 8547 ||| Stepping ~*~*~tactically~*~*~ (outnumbered).
  8548 | Lair:1   | 8548 ||| Stepping ~*~*~tactically~*~*~ (outnumbered).
  8549 | Lair:1   | 8549 ||| Stepping ~*~*~tactically~*~*~ (outnumbered).
  8550 | Lair:1   | 8550 ||| Stepping ~*~*~tactically~*~*~ (outnumbered).
  8552 | Lair:1   | 8552 ||| Stepping ~*~*~tactically~*~*~ (outnumbered).
  8555 | Lair:1   | Killed an elephant
  8556 | Lair:1   | Reached XP level 11. HP: 101/105 MP: 11/11
  8557 | Lair:1   | 8557 ||| Stepping ~*~*~tactically~*~*~ (outnumbered).
  8558 | Lair:1   | 8558 ||| Stepping ~*~*~tactically~*~*~ (outnumbered).
  8559 | Lair:1   | 8559 ||| Stepping ~*~*~tactically~*~*~ (outnumbered).
  8560 | Lair:1   | 8560 ||| Stepping ~*~*~tactically~*~*~ (outnumbered).
  8561 | Lair:1   | 8561 ||| Stepping ~*~*~tactically~*~*~ (outnumbered).
  8562 | Lair:1   | 8562 ||| Stepping ~*~*~tactically~*~*~ (outnumbered).
  8563 | Lair:1   | 8563 ||| Stepping ~*~*~tactically~*~*~ (outnumbered).
  8566 | Lair:1   | 8566 ||| Stepping ~*~*~tactically~*~*~ (outnumbered).
  8571 | Lair:1   | 8571 ||| Stepping ~*~*~tactically~*~*~ (outnumbered).
  8572 | Lair:1   | 8572 ||| Stepping ~*~*~tactically~*~*~ (outnumbered).
  8573 | Lair:1   | 8573 ||| Stepping ~*~*~tactically~*~*~ (outnumbered).
  8574 | Lair:1   | 8574 ||| Stepping ~*~*~tactically~*~*~ (outnumbered).
  8575 | Lair:1   | 8575 ||| Stepping ~*~*~tactically~*~*~ (outnumbered).
  8591 | Lair:1   | Reached skill level 6 in Throwing
  8699 | Lair:1   | 8699 ||| Stepping ~*~*~tactically~*~*~ (hiding).
  8700 | Lair:1   | 8700 ||| Stepping ~*~*~tactically~*~*~ (hiding).
  8908 | Lair:1   | 8908 ||| Stepping ~*~*~tactically~*~*~ (stealth).
  8911 | Lair:1   | 8911 ||| Stepping ~*~*~tactically~*~*~ (stealth).
  8913 | Lair:1   | 8913 ||| Stepping ~*~*~tactically~*~*~ (stealth).
  8916 | Lair:1   | 8916 ||| Stepping ~*~*~tactically~*~*~ (outnumbered).
  8917 | Lair:1   | 8917 ||| Stepping ~*~*~tactically~*~*~ (outnumbered).
  8918 | Lair:1   | 8918 ||| Stepping ~*~*~tactically~*~*~ (outnumbered).
  8919 | Lair:1   | 8919 ||| INVOKING Fiery Armour.
  8920 | Lair:1   | 8920 ||| Stepping ~*~*~tactically~*~*~ (outnumbered).
  8922 | Lair:1   | Reached skill level 15 in Unarmed Combat
  8923 | Lair:1   | 8923 ||| Stepping ~*~*~tactically~*~*~ (outnumbered).
  8924 | Lair:1   | 8924 ||| Stepping ~*~*~tactically~*~*~ (outnumbered).
  8924 | Lair:1   | HP: 15/105 [komodo dragon (14)]
  8925 | Lair:1   | 8925 ||| READING scroll of teleportation.
  8925 | Lair:1   | HP: 7/105 [poisoned by a water moccasin]
  8926 | Lair:1   | 8926 ||| DRINKING 4 potions of heal wounds.
  8927 | Lair:1   | 8927 ||| DRINKING 3 potions of heal wounds.
  8928 | Lair:1   | 8928 ||| Stepping ~*~*~tactically~*~*~ (outnumbered).
  8982 | Lair:1   | 8982 ||| Stepping ~*~*~tactically~*~*~ (stealth).
  9152 | Lair:1   | 9152 ||| Stepping ~*~*~tactically~*~*~ (stealth).
  9153 | Lair:1   | 9153 ||| Stepping ~*~*~tactically~*~*~ (stealth).
  9181 | Lair:1   | 9181 ||| Stepping ~*~*~tactically~*~*~ (outnumbered).
  9205 | Lair:1   | 9205 ||| INVOKING Fiery Armour.
  9267 | Lair:1   | Reached skill level 16 in Unarmed Combat
  9587 | Lair:1   | 9587 ||| READING scroll labelled PALOHI NIEGIL.
  9587 | Lair:1   | Identified a scroll of acquirement
  9587 | Lair:1   | 9587 ||| ACQUIRING 517 gold pieces
  9587 | Lair:1   | Acquired 517 gold pieces
  9589 | Lair:1   | 9589 ||| DRINKING 2 red potions.
  9590 | Lair:1   | 9590 ||| DROPPING potion of degeneration.
  9672 | Lair:2   | 9672 ||| Stepping ~*~*~tactically~*~*~ (stealth).
  9685 | Lair:2   | 9685 ||| Stepping ~*~*~tactically~*~*~ (outnumbered).
  9686 | Lair:2   | 9686 ||| Stepping ~*~*~tactically~*~*~ (outnumbered).
  9687 | Lair:2   | 9687 ||| Stepping ~*~*~tactically~*~*~ (outnumbered).
  9688 | Lair:2   | 9688 ||| Stepping ~*~*~tactically~*~*~ (outnumbered).
  9689 | Lair:2   | 9689 ||| Stepping ~*~*~tactically~*~*~ (outnumbered).
  9690 | Lair:2   | 9690 ||| Stepping ~*~*~tactically~*~*~ (outnumbered).
  9691 | Lair:2   | 9691 ||| Stepping ~*~*~tactically~*~*~ (outnumbered).
  9694 | Lair:2   | 9694 ||| Stepping ~*~*~tactically~*~*~ (outnumbered).
  9695 | Lair:2   | 9695 ||| Stepping ~*~*~tactically~*~*~ (outnumbered).
  9696 | Lair:2   | 9696 ||| Stepping ~*~*~tactically~*~*~ (outnumbered).
  9791 | Lair:2   | Identified the +4 spear "Zicosif" {vorpal, Drain Str+2
                  | Int+3}
  9870 | Lair:2   | Reached XP level 12. HP: 115/118 MP: 12/12
 10220 | Lair:2   | 10220 ||| INVOKING Fiery Armour.
 10224 | Lair:2   | 10224 ||| Stepping ~*~*~tactically~*~*~ (outnumbered).
 10225 | Lair:2   | 10225 ||| STAIRDANCE
 10227 | Lair:1   | 10227 ||| Stepping ~*~*~tactically~*~*~ (outnumbered).
 10228 | Lair:1   | 10228 ||| Stepping ~*~*~tactically~*~*~ (outnumbered).
 10229 | Lair:1   | 10229 ||| Stepping ~*~*~tactically~*~*~ (outnumbered).
 10230 | Lair:1   | 10230 ||| Stepping ~*~*~tactically~*~*~ (outnumbered).
 10234 | Lair:1   | 10234 ||| Stepping ~*~*~tactically~*~*~ (outnumbered).
 10244 | Lair:2   | 10244 ||| Stepping ~*~*~tactically~*~*~ (outnumbered).
 10277 | Lair:2   | Identified the ring of the Immovable Ghosts {Fire Will+
                  | rCorr Dex+6}
 10491 | Lair:2   | 10491 ||| UPGRADING to ring of the Immovable Ghosts {Fire
                  | Will+ rCorr Dex+6}.
 10568 | Lair:3   | 10568 ||| Stepping ~*~*~tactically~*~*~ (stealth).
 10592 | Lair:3   | 10592 ||| READING scroll of enchant armour.
 10592 | Lair:3   | 10592 ||| ENCHANTING +0 steam dragon scales.
 10733 | Lair:3   | Found a staircase to the Snake Pit.
 10756 | Lair:3   | Noticed a seven-headed hydra
 10757 | Lair:3   | 10757 ||| INVOKING Fiery Armour.
 10761 | Lair:3   | Killed a nine-headed hydra
 10777 | Lair:3   | Noticed a boulder beetle
 10800 | Lair:3   | Killed a boulder beetle
 10926 | Lair:3   | 10926 ||| Stepping ~*~*~tactically~*~*~ (stealth).
 11059 | Lair:3   | Noticed a catoblepas
 11060 | Lair:3   | 11060 ||| INVOKING Fiery Armour.
 11067 | Lair:3   | 11067 ||| Stepping ~*~*~tactically~*~*~ (cloud).
 11071 | Lair:3   | Killed a catoblepas
 11086 | Lair:3   | HP: 28/118 [oklob plant/splash of acid (8)]
 11087 | Lair:3   | 11087 ||| DRINKING 2 potions of heal wounds.
 11089 | Lair:3   | 11089 ||| DRINKING potion of heal wounds.
 11128 | Lair:3   | Noticed a six-headed hydra
 11129 | Lair:3   | 11129 ||| FLEEEEING.
 11135 | Lair:3   | Killed a seven-headed hydra
 11223 | Lair:3   | Noticed a seven-headed hydra
 11224 | Lair:3   | 11224 ||| INVOKING Fiery Armour.
 11230 | Lair:3   | Killed a ten-headed hydra
 11231 | Lair:3   | Reached skill level 17 in Unarmed Combat
 11242 | Lair:3   | Found a staircase to the Swamp.
 11286 | Lair:3   | 11286 ||| Stepping ~*~*~tactically~*~*~ (hiding).
 11287 | Lair:3   | 11287 ||| Stepping ~*~*~tactically~*~*~ (hiding).
 11556 | Lair:3   | 11556 ||| DRINKING 2 murky dark potions.
 11557 | Lair:3   | 11557 ||| DRINKING 2 sedimented ruby potions.
 11658 | Lair:3   | 11658 ||| DROPPING potion of ambrosia.
 11678 | Lair:4   | 11678 ||| PLANNING GAUNTLET
 11782 | Lair:4   | Noticed Josephine
 11784 | Lair:4   | 11784 ||| INVOKING Fiery Armour.
 11791 | Lair:4   | 11791 ||| Stepping ~*~*~tactically~*~*~ (outnumbered).
 11795 | Lair:4   | 11795 ||| Stepping ~*~*~tactically~*~*~ (outnumbered).
 11799 | Lair:4   | Killed Josephine
 12018 | Lair:4   | Found a gate leading to a gauntlet.
 12019 | Lair:4   | 12019 ||| READING scroll labelled APPIONWOSE.
 12128 | Gauntlet | Entered a Gauntlet
 12128 | Gauntlet | Noticed a tengu warrior
 12128 | Gauntlet | Found a transporter.
 12128 | Gauntlet | Found a transporter.
 12141 | Gauntlet | Found a transporter.
 12154 | Gauntlet | Found a large runed translucent door.
 12155 | Gauntlet | Found a large runed translucent door.
 12156 | Gauntlet | Found a large runed translucent door.
 12156 | Gauntlet | Found a large runed translucent door.
 12156 | Gauntlet | Found a large runed translucent door.
 12156 | Gauntlet | Found a large runed translucent door.
 12156 | Gauntlet | Found a large runed translucent door.
 12156 | Gauntlet | Found a large runed translucent door.
 12156 | Gauntlet | Noticed a blizzard demon
 12157 | Gauntlet | Found a runed translucent door.
 12157 | Gauntlet | Found a runed translucent gate.
 12158 | Gauntlet | Found a transporter.
 12158 | Gauntlet | Found a runed translucent gate.
 12158 | Gauntlet | Found a transporter.
 12158 | Gauntlet | Found a transporter.
 12160 | Gauntlet | Found a transporter.
 12160 | Gauntlet | Found a transporter.
 12162 | Gauntlet | Noticed an entropy weaver
 12172 | Gauntlet | Found a transporter.
 12188 | Gauntlet | Found a transporter.
 12191 | Gauntlet | Noticed a dire elephant
 12195 | Gauntlet | Found a runed translucent door.
 12199 | Gauntlet | Found a transporter.
 12201 | Gauntlet | Found the +9 staff of Wucad Mu {*channel}
 12213 | Gauntlet | Found a transporter.
 12226 | Gauntlet | Found a large runed translucent door.
 12226 | Gauntlet | Found a large runed translucent door.
 12227 | Gauntlet | Found a large runed translucent door.
 12227 | Gauntlet | Found a large runed translucent door.
 12227 | Gauntlet | Found a large runed translucent door.
 12227 | Gauntlet | Found a large runed translucent door.
 12228 | Gauntlet | Found a large runed translucent door.
 12228 | Gauntlet | Found a large runed translucent door.
 12228 | Gauntlet | Found a runed translucent gate.
 12228 | Gauntlet | Found a runed translucent door.
 12233 | Gauntlet | Found a transporter.
 12245 | Gauntlet | Found a transporter.
 12311 | Gauntlet | 12311 ||| INVOKING Fiery Armour.
 12318 | Gauntlet | Killed a blizzard demon
 12380 | Gauntlet | Killed a dire elephant
 12381 | Gauntlet | Reached skill level 18 in Unarmed Combat
 12381 | Gauntlet | Reached XP level 13. HP: 96/124 MP: 13/13
 12413 | Gauntlet | Identified the ring of Neurosis {rPois rC- Will+ Str+3
                  | Int+6}
 12415 | Gauntlet | 12415 ||| UPGRADING to ring of Neurosis {rPois rC- Will+
                  | Str+3 Int+6}.
 12483 | Gauntlet | Identified the +2 long sword of the Sky {venom, *Slow Int+2
                  | Stlth+}
 12483 | Gauntlet | Noticed a minotaur
 12484 | Gauntlet | 12484 ||| Stepping ~*~*~tactically~*~*~ (stealth).
 12485 | Gauntlet | 12485 ||| Stepping ~*~*~tactically~*~*~ (stealth).
 12495 | Gauntlet | HP: 18/124 [minotaur/the +2 long sword of the Sky {venom,
                  | *Slow Int+2 Stlth+} (36)]
 12496 | Gauntlet | 12496 ||| DRINKING 3 potions of curing.
 12496 | Gauntlet | 12496 ||| (to cure bad poison)
 12496 | Gauntlet | Mangled by a minotaur

Levels and vault maps discovered:
D:1:      ncdulo_halloftheorcs, layout_basic, skrybe_limestone_x,
          minmay_domino_4
D:2:      layout_basic
D:3:      layout_rooms, mainiacjoe_overflow_surrounded_room,
          guppyfry_early_orc_mine, uniq_natasha, uniq_grinder, uniq_sigmund,
          uniq_ijyb, uniq_crazy_yiuf_cottage
D:4:      layout_rooms, mainiacjoe_overflow_24_doors
D:5:      layout_basic, nicolae_overflow_hidden_temple, serial_co_window_serial,
          co_window_paths_a, co_window_paths_b, co_window_paths_b,
          co_window_paths_b, co_window_corner_a, co_window_paths_a,
          co_window_paths_b, co_window_broadway_a, co_window_broadway_a,
          co_window_corner_b, co_window_2corner, co_window_corner_ca,
          co_window_corner_b, glass_columns_a, glass_columns_b
D:6:      layout_rooms, minmay_overflow_temple_star_quad, ebering_ghost_sewer_d
D:7:      layout_basic, mainiacjoe_overflow_catwalk, minmay_temple_entry_trees,
          hex_large, uniq_menkaure
D:8:      layout_basic, lemuel_round_altar, uniq_maurice
D:9:      layout_rooms, nemelex_altar_shiori, mainiacjoe_overflow_cross_hatched,
          grunt_lair_entry_orc_guard_hut, serial_shops, shop
Lair:1:   layout_regular_city, grunt_megastairs_1
Lair:2:   layout_hall_layers
Lair:3:   layout_chaotic_city, minmay_swamp_entry_worms, dummy_snake_entry,
          st_stairs_10, dpeg_oklob_1
Lair:4:   layout_gridlike, minmay_slime_entry_oklob_enclosed,
          gauntlet_entry_generic, uniq_josephine, uniq_nessos
Gauntlet: gammafunk_gauntlet_mixed_choke_point [minmay_gauntlet_arena_77_mess,
          minmay_gauntlet_arena_77_double_cross,
          minmay_gauntlet_arena_77_squiggly,
          minmay_gauntlet_arena_make_your_own_arena,
          minmay_gauntlet_arena_77_broken_ladder,
          minmay_gauntlet_arena_77_chump_sandwich,
          minmay_gauntlet_arena_77_path, dreamdust_gauntlet_exit_labyrinth]

Skill      XL: |  1  2  3  4  5  6  7  8  9 10 11 12 |
---------------+-------------------------------------+-----
Unarmed Combat | 4 7 8 9 11 12 14 16 18 | 18.0
Fighting       | 3 4 5 6 7 |  7.2
Throwing       | 1 4 6 7 |  7.0
Dodging        | 1 2 3 5 |  5.0
Armour         | 1 2 |  2.2
Spellcasting   | |  1.0
Fire Magic     | |  2.1

Action                   |  1- 3 |  4- 6 |  7- 9 | 10-12 | 13-15 || total
-------------------------+-------+-------+-------+-------+-------++-------
Melee: Unarmed           |    79 |    49 |   225 |   442 |    17 ||   812
       Punch             |       |     1 |     5 |    40 |     2 ||    48
Throw: Boomerang         |       |     9 |    82 |    60 |       ||   151
       Large rock        |       |       |       |    35 |       ||    35
Invok: Fiery Armour      |       |     1 |     1 |    11 |       ||    13
  Use: Scroll            |     1 |     2 |    10 |     7 |       ||    20
       Potion            |       |     2 |     4 |     8 |     1 ||    15
 Stab: Distracted        |       |       |       |     1 |       ||     1
Armor: Robe              |    16 |    20 |    40 |       |       ||    76
       Steam dragon scal |       |       |     7 |   152 |     5 ||   164
Dodge: Dodged            |    26 |    15 |    71 |   184 |     8 ||   304

Table legend:
 A = Non-vault XP
 B = Vault XP
 C = Vault XP percentage of total XP
 D = Non-vault monster count
 E = Vault monster count
 F = Vault count percentage of total count
                 A         B        C        D         E       F
            +---------+---------+-------+---------+---------+-------
      Total |   28218 |   11301 |  28.6 |     245 |      45 |  15.5
            +---------+---------+-------+---------+---------+-------
        D:1 |      44 |       5 |  10.2 |      20 |       4 |  16.7
        D:2 |      53 |       0 |   0.0 |      17 |       0 |   0.0
        D:3 |      58 |     590 |  91.0 |      19 |      11 |  36.7
        D:4 |     268 |       0 |   0.0 |      16 |       0 |   0.0
        D:5 |    1168 |       0 |   0.0 |      22 |       0 |   0.0
        D:6 |    1164 |       0 |   0.0 |      23 |       0 |   0.0
        D:7 |    2427 |     172 |   6.6 |      29 |       1 |   3.3
        D:8 |     910 |     472 |  34.2 |      14 |       1 |   6.7
        D:9 |    2682 |     644 |  19.4 |      16 |       5 |  23.8
     Lair:1 |    9518 |     776 |   7.5 |      33 |       2 |   5.7
     Lair:2 |    3164 |       0 |   0.0 |      14 |       0 |   0.0
     Lair:3 |    5863 |    2490 |  29.8 |      18 |       5 |  21.7
     Lair:4 |     899 |    1975 |  68.7 |       4 |       6 |  60.0
   Gauntlet |       0 |    4177 | 100.0 |       0 |      10 | 100.0
            +---------+---------+-------+---------+---------+-------
